 Dungeon Crawl Stone Soup version 0.16-a0-3761-g2321f2b (console) character file.

110 Monkaria the Magician (level 4, -3/32 HPs)
             Began as a Demonspawn Ice Elementalist on Jan 24, 2015.
             Killed by divine providence
             ... invoked by an orc priest
              (12 damage)
             ... on level 3 of the Dungeon.
             The game lasted 00:06:28 (2822 turns).

Monkaria the Magician (Demonspawn Ice Elementalist) Turns: 2822, Time: 00:06:29

Health: -3/32      AC:  4    Str:  9    XL:     4   Next: 61%
Magic:  0/11       EV: 12    Int: 17    God:
Gold:   169        SH:  0    Dex: 13    Spells: 3 memorised, 5 levels left

rFire  . . .     SeeInvis .     (no weapon)
rCold  . . .     Clarity  .     q - +0 leather armour
rNeg   . . .     SustAb   .     (no shield)
rPois  .         Gourm    .     (helmet restricted)
rElec  .         Spirit   .     (no cloak)
rCorr  .         Warding  .     p - +0 pair of gloves
rMut   .         Stasis   .     (no boots)
MR     .....                    (no amulet)
Stlth  ++........               (no ring)
                                (no ring)

@: very slightly contaminated, not resistant to hostile enchantments, unstealthy
A: horns 1
a: no special abilities


You were on level 3 of the Dungeon.
You were not hungry.

You visited 1 branch of the dungeon, and saw 3 of its levels.

You collected 169 gold pieces.

Inventory:

Armour
 a - a +0 robe
 p - a +0 pair of gloves (worn)
 q - a +0 leather armour (worn)
Scrolls
 e - a scroll of immolation {unknown}
 g - 2 scrolls of teleportation {unknown}
 h - a scroll of noise {unknown}
 i - 3 scrolls of identify {unknown}
 j - 2 scrolls of remove curse {unknown}
 l - a scroll of blinking {unknown}
 n - a scroll of enchant weapon {unknown}
 o - a scroll of random uselessness {unknown}
Potions
 d - 3 potions of curing
 f - a potion of beneficial mutation {unknown}
 k - a potion of flight {unknown}
 m - a potion of invisibility {unknown}
Books
 b - a book of Frost

   Spells                             Type                      Level
   a - Freeze                         Ice                          1
   b - Throw Frost                    Conjuration/Ice              2
   c - Ozocubu's Armour               Charms/Ice                   3
   d - Throw Icicle                   Conjuration/Ice              4
   e - Summon Ice Beast               Ice/Summoning                4
   f - Condensation Shield            Ice                          4
Comestibles
 c - 4 bread rations
 r - 4 chunks of flesh
 s - 5 fruits
 t - a meat ration


   Skills:
 - Level 1.0 Fighting
 - Level 2.0 Dodging
 - Level 1.7 Stealth
 + Level 4.0 Spellcasting
 - Level 1.0 Conjurations
 - Level 3.0 Ice Magic


You had 5 spell levels left.
You knew the following spells:

 Your Spells              Type           Power        Failure   Level  Hunger
a - Freeze                Ice            ##..         8%          1    None
b - Throw Frost           Conj/Ice       ##....       14%         2    ##.....
c - Ozocubu's Armour      Chrm/Ice       #.......     34%         3    ###....


Dungeon Overview and Level Annotations

Branches:
Dungeon (3/15)

Altars:
Elyvilon


Innate Abilities, Weirdness & Mutations

You have a pair of small horns on your head.


Message History

Press: ? - help, Shift-Dir - straight line, f/p - orc
Aim: an orc, wielding a short sword (moderately wounded)
You freeze the orc.
The orc is heavily wounded.
The orc priest calls down the wrath of Beogh upon you.
Something smites you! The orc hits you with a short sword.
* * * LOW HITPOINT WARNING * * *
Casting: Freeze
Confirm with . or Enter, or press ? or * to list all spells.
You don't know that spell.
Casting: Freeze
Confirm with . or Enter, or press ? or * to list all spells.
Aiming: Throw Frost
Press: ? - help, Shift-Dir - straight line, f/p - orc
Aim: an orc, wielding a short sword (heavily wounded)
The puff of frost hits the orc.
You kill the orc!
The orc priest calls down the wrath of Beogh upon you.
Something smites you!
You die...

≈≈≈≈≈≈≈≈≈≈≈≈≈≈≈≈o≈)))
.≈≈..≈≈..≈..≈≈≈≈..≈≈(.
..................(...
......................
####....)÷....#......#
#.#.#.#.#..#.##.#..
#.#.#.#[#..#.##.###
.#######.....#.#..#.##.#
.........@)..o....#.##.###
.#######...>......#.##.)..
#.#........#....)..
#.#........####..##
#................#
####.......##.#.##
#.......##.#÷#
#####..###.#.# #.## #.#.#


You could see an orc priest.

Vanquished Creatures
  Ijyb (D:3)
  An adder (D:2)
  2 worms (D:2)
  A giant gecko (D:2)
  An ooze (D:1)
  6 orcs (D:3)
  3 giant cockroaches
  9 hobgoblins
  A quokka (D:2)
  A ball python (D:1)
  4 bats
  3 giant newts (D:1)
  14 goblins
  3 jackals (D:2)
  3 kobolds
  4 rats
57 creatures vanquished.

Notes
Turn   | Place    | Note
--------------------------------------------------------------
     0 | D:1      | Monkaria, the Demonspawn Ice Elementalist, began the quest for the Orb.
     0 | D:1      | Reached XP level 1. HP: 13/13 MP: 3/3
   539 | D:1      | Reached skill level 1 in Fighting
   689 | D:1      | Gained mutation: You have a pair of small horns on your head. [demonic ancestry]
   689 | D:1      | Reached XP level 2. HP: 12/21 MP: 0/4
   828 | D:1      | Reached skill level 3 in Ice Magic
   835 | D:1      | Learned a level 2 spell: Throw Frost
  1475 | D:2      | Reached XP level 3. HP: 19/26 MP: 1/6
  1880 | D:2      | Learned a level 3 spell: Ozocubu's Armour
  2116 | D:3      | Noticed Ijyb
  2153 | D:3      | Killed Ijyb
  2153 | D:3      | Reached XP level 4. HP: 12/32 MP: 0/10
  2620 | D:3      | Found a white marble altar of Elyvilon.
  2767 | D:3      | Reached skill level 4 in Spellcasting
  2822 | D:3      | Killed from afar by an orc priest

Action                   |  1- 3 |  4- 6 || total
-------------------------+-------+-------++-------
Melee: Unarmed           |    54 |     6 ||    60
 Cast: Freeze            |    68 |    36 ||   104
       Throw Frost       |       |     1 ||     1
  Use: Potion            |     2 |       ||     2
  Eat: Chunk             |     4 |     2 ||     6
